 Dungeon Crawl Stone Soup version 0.30-a0-585-g93115170b9 (webtiles) character file.

Game seed: 9276902151037641109

3318 porpoise the Skirmisher (level 10, -1/74 HPs)
             Began as a Human Hunter on Jan 2, 2023.
             Was an Initiate of Hepliaklqana.
             Killed by divine providence
             ... invoked by an orc priest
              (15 damage)
             ... on level 8 of the Dungeon.
             The game lasted 00:33:15 (8069 turns).

porpoise the Skirmisher (Human Hunter)              Turns: 8069, Time: 00:33:16

Health: -1/74      AC: 12    Str: 13    XL:     10   Next: 21%
Magic:  11/11      EV: 14    Int:  9    God:    Hepliaklqana [......]
Gold:   235        SH:  0    Dex: 20    Spells: 9/9 levels left

rFire   + . .      SeeInvis .    a - +1 shortbow
rCold   + . .      Faith    .    (shield currently unavailable)
rNeg    . . .      Spirit   .    j - +3 leather armour {rF+}
rPois   .          Reflect  .    (no helmet)
rElec   .          Harm     .    (no cloak)
rCorr   .          Rampage  .    (no gloves)
Will    .....                    z - +1 pair of boots
Stlth   ++                       (no amulet)
HPRegen 0.32/turn                r - +4 ring of protection
MPRegen 0.12/turn                H - ring of protection from cold

@: no status effects
A: no striking features
a: Renounce Religion


You were on level 8 of the Dungeon.
You worshipped Hepliaklqana.
Hepliaklqana was noncommittal.
You visited 2 branches of the dungeon, and saw 10 of its levels.
You also visited: Ossuary.

You collected 397 gold pieces.
You spent 162 gold pieces at shops.

Inventory:

Hand Weapons
 a - a +1 shortbow (weapon)
 b - a +1 short sword of draining
 w - a +2 dagger of electrocution
 y - the +6 hand axe of Yjeuph {heavy, rCorr}
   (You found it on level 6 of the Dungeon)

   It deals dramatically more damage, but attacks with it are much slower.
   rCorr:     It protects you from acid and corrosion.
Armour
 j - a +3 leather armour of fire resistance (worn)
 z - a +1 pair of boots (worn)
Magical Staves
 i - a staff of conjuration
 I - a staff of death
Jewellery
 e - a ring of fire
 n - a ring of protection from fire
 q - a ring of wizardry
 r - a +4 ring of protection (left hand)
 E - a ring of wizardry
 H - a ring of protection from cold (right hand)
Wands
 s - a wand of iceblast (19)
 B - a wand of flame (59)
 J - a wand of paralysis (3)
Scrolls
 c - 2 scrolls of poison
 f - a scroll of amnesia
 g - 3 scrolls of enchant weapon
 h - 3 scrolls of fog
 l - 3 scrolls of teleportation
 m - 2 scrolls of immolation
 u - a scroll of vulnerability {unknown}
 v - 3 scrolls of fear
 x - a scroll of enchant armour
 K - 2 scrolls of magic mapping
Potions
 d - a potion of ambrosia
 k - a potion of magic
 o - a potion of berserk rage
 p - 2 potions of might
 t - a potion of flight
 A - a potion of haste
 C - a potion of cancellation
 D - a potion of mutation
 F - a potion of heal wounds
 L - a potion of curing
Miscellaneous
 G - a piece from Xom's chessboard (15/15)


   Skills:
 - Level 5.0 Fighting
 + Level 11.8 Ranged Weapons
 - Level 5.0 Armour
 + Level 4.0 Dodging
 - Level 1.0 Stealth
 + Level 2.2 Invocations


You had 9 spell levels left.
You didn't know any spells.
Your spell library contained the following spells:

 Spells                   Type           Power      Damage    Failure   Level
 Cigotuvi's Dreadful Rot  Necr/Pois/Air  0%         N/A       58%         2
 Poisonous Vapours        Pois/Air       0%         N/A       58%         2
 Hailstorm                Conj/Ice       0%         3d3       83%         3
 Mephitic Cloud           Conj/Pois/Air  0%         N/A       83%         3
 Portal Projectile        Hex/Tloc       0%         N/A       83%         3
 Tukima's Dance           Hex            0%         N/A       83%         3
 Ice Form                 Ice/Tmut       0%         N/A       99%         4
 Blade Hands              Tmut           0%         N/A       100%        5
 Simulacrum               Ice/Necr       0%         N/A       100%        6


Dungeon Overview and Level Annotations

Branches:
Dungeon (9/15)             Temple (1/1) D:7         Ossuary (visited)
   Lair: D:8-11         Orc: D:9-12

Altars:
Ashenzari
Cheibriados
Dithmenos
Elyvilon
Fedhas
Gozag
Hepliaklqana
Kikubaaqudgha
Nemelex Xobeh
Okawaru
Qazlal
Ru
Sif Muna
Trog
Uskayaw
Wu Jian
Zin

Shops:
D:3 =[(   D:7 :   D:8 ?

Annotations:
D:5 Vampire, Menkaure
D:8 2 transporters, exclusion: ice statue, wormed's ghost, novice SpHu


Message History

You shoot an arrow. The arrow completely misses the yak.
The arrow closely misses the orc priest.
The arrow hits the orc priest!
The orc priest is heavily wounded.
The yak barely misses you.
Fire: a) +1 shortbow
Press: ? - help, Q - select action, (/) - cycle Shift-Dir - straight line, f/p - yak
Aim: a yak (almost dead, 78% to hit)
You shoot an arrow. The arrow hits the yak.
The yak is almost dead.
The yak gores you but does no damage.
Fire: a) +1 shortbow
Press: ? - help, Q - select action, (/) - cycle Shift-Dir - straight line, f/p - yak
Aim: a yak (almost dead, 78% to hit)
You shoot an arrow. The arrow hits the yak!
You kill the yak!
Your Dodging skill increases to level 4!
Your Invocations skill increases to level 2!
Fire: a) +1 shortbow
Press: ? - help, Q - select action, (/) - cycle Shift-Dir - straight line, f - orc priest
Aim: an orc priest, wielding a +0 club and wearing a +0 leather armour (heavily wounded, 70% to hit)
You shoot an arrow. The arrow hits the orc priest.
The orc priest is heavily wounded.
Fire: a) +1 shortbow
Press: ? - help, Q - select action, (/) - cycle Shift-Dir - straight line, f/p - orc priest
Aim: an orc priest, wielding a +0 club and wearing a +0 leather armour (heavily wounded, 70% to hit)
You shoot an arrow.
The arrow hits the orc priest but does no damage.
The orc priest is heavily wounded.
The orc priest calls down the wrath of Beogh upon you.
Pain shoots through your body!
* * * LOW HITPOINT WARNING * * *
Fire: a) +1 shortbow
Press: ? - help, Q - select action, (/) - cycle Shift-Dir - straight line, f/p - orc priest
Aim: an orc priest, wielding a +0 club and wearing a +0 leather armour (heavily wounded, 70% to hit)
You shoot an arrow. The arrow hits the orc priest!
You kill the orc priest!
The orc priest calls down the wrath of Beogh upon you.
Beogh smites you!
You die...

#...#####...#...>.#.#
#.........#.#...).#.#
#........##.#.....#.#
#####.#####.#.##.##'######
............#.##.#.......#
#####'#######.##.'.......#
..........))...#o#.......#
.........)######)#.......#
..........# #@+.......#
#...:.....# ###.......#
#.........# #.#####'#.#
##........# #.......#.#
.##.......# #.#######.#
..'.#'###)# #.# #.########
..'.#.# #.# #.# #........#
..'.#.# #.#
##.#######.####.###
.####.###.#
#............##....


You could see an orc priest.

Vanquished Creatures
  A wyvern (D:8)
  A yak (D:8)
  Eustachio (D:6)
  3 water moccasins
  An orc warrior (D:9)
  4 ice beasts
  A black bear (D:5)
  A sky beast (D:8)
  4 centaurs
  A phantom (D:4)
  Blork the orc (D:4)
  An elf zombie (Ossuary)
  3 bullfrogs
  2 kobold brigands
  3 scorpions
  3 wights (D:7)
  2 centaur zombies (Ossuary)
  3 hounds
  A jelly (D:6)
  4 orc priests
  3 iguanas
  6 orc wizards
  2 mummies (Ossuary)
  A gnoll (D:8)
  9 adders
  A shadow imp (D:6)
  An ufetubus (D:4)
  3 adder zombies (Ossuary)
  A worm (D:4)
  3 dart slugs
  18 orcs
  10 ball pythons
  5 bats
  6 endoplasms
  A giant cockroach (D:4)
  6 goblins
  6 hobgoblins
  20 kobolds
  3 quokkas
  4 frilled lizards
  A goblin zombie (Ossuary)
  15 hobgoblin zombies (Ossuary)
  5 kobold zombies (Ossuary)
  8 orc zombies (Ossuary)
  3 rats
  2 rat zombies (Ossuary)
184 creatures vanquished.

Notes
Turn   | Place    | Note
-------+----------+-------------------------------------------
     0 | D:1      | porpoise the Human Hunter began the quest for the Orb.
     0 | D:1      | Reached XP level 1. HP: 16/16 MP: 1/1
    73 | D:1      | Reached XP level 2. HP: 22/22 MP: 2/2
   342 | D:1      | Reached XP level 3. HP: 28/28 MP: 3/3
   913 | D:2      | Reached skill level 5 in Ranged Weapons
   913 | D:2      | Reached XP level 4. HP: 32/34 MP: 4/4
  1577 | D:3      | You fall into a shaft and drop 2 floors!
  1577 | D:5      | Entered Level 5 of the Dungeon
  1585 | D:5      | Found a sand-covered staircase.
  1590 | Ossuary  | Entered an ossuary
  1840 | Ossuary  | Reached XP level 5. HP: 39/41 MP: 5/5
  1899 | Ossuary  | HP: 2/41 [hobgoblin zombie (1)]
  1926 | Ossuary  | Reached skill level 6 in Ranged Weapons
  1926 | Ossuary  | Reached XP level 6. HP: 7/48 MP: 6/6
  2545 | D:3      | Found Arap's Armour Emporium.
  2550 | D:3      | Found Kygu Jukhli's Jewellery Emporium.
  2890 | D:3      | Found a faded altar of an unknown god.
  2939 | D:3      | Found Kufriacs's Weapon Boutique.
  3162 | D:4      | Noticed an ice beast
  3179 | D:4      | Killed an ice beast
  3180 | D:4      | Reached XP level 7. HP: 44/54 MP: 7/7
  3185 | D:4      | Reached skill level 7 in Ranged Weapons
  3992 | D:4      | Found a bloodstained altar of Trog.
  4076 | D:4      | Noticed Blork the orc
  4094 | D:4      | Killed Blork the orc
  4417 | D:4      | Reached skill level 5 in Fighting
  4417 | D:4      | Reached XP level 8. HP: 56/62 MP: 8/8
  4487 | D:5      | Noticed a vampire
  4522 | D:5      | Reached skill level 8 in Ranged Weapons
  4522 | D:5      | Reached skill level 1 in Armour
  4741 | D:5      | Noticed Menkaure
  5011 | D:6      | Identified the +6 hand axe of Yjeuph {heavy, rCorr}
  5229 | D:6      | Noticed Eustachio
  5243 | D:6      | Killed Eustachio
  5244 | D:6      | Reached skill level 9 in Ranged Weapons
  5319 | D:6      | Found a stormy altar of Qazlal.
  5591 | D:6      | Found a broken altar of Ashenzari.
  5637 | D:6      | Reached XP level 9. HP: 63/68 MP: 9/9
  5880 | D:7      | Found a shimmering blue altar of Sif Muna.
  5909 | D:7      | Found Vawysuaj's Book Shoppe.
  6025 | D:7      | Reached skill level 10 in Ranged Weapons
  6687 | D:7      | Found a staircase to the Ecumenical Temple.
  6708 | Temple   | Entered the Ecumenical Temple
  6961 | D:8      | Reached skill level 5 in Armour
  7049 | D:8      | Reached skill level 11 in Ranged Weapons
  7219 | D:8      | Noticed a kobold demonologist
  7223 | D:8      | Found a transporter.
  7247 | D:8      | Found Zulad's Magic Scroll Boutique.
  7301 | D:8      | Reached XP level 10. HP: 63/74 MP: 10/10
  7356 | D:8      | Bought a scroll of identify for 24 gold pieces
  7356 | D:8      | Bought a scroll of magic mapping for 90 gold pieces
  7357 | D:8      | Bought a scroll of identify for 24 gold pieces
  7357 | D:8      | Bought a scroll of identify for 24 gold pieces
  7417 | D:8      | Found an ornate altar of the Wu Jian Council.
  7418 | D:8      | Found a hazy altar of Hepliaklqana.
  7443 | D:8      | Became a worshipper of Hepliaklqana the Forgotten
  7476 | D:8      | Noticed wormed's ghost (novice SpHu)
  7478 | D:8      | Noticed an ice statue
  7488 | D:8      | Found a transporter.
  7651 | D:8      | Found a sacrificial altar of Ru.
  7748 | D:8      | Reached skill level 1 in Invocations
  8069 | D:8      | Killed from afar by an orc priest

Illustrated notes

Levels and vault maps discovered:
D:1:      minmay_arrival_diagonal_passages, layout_rooms
D:2:      layout_loops_corners, wander_ebering_terrifying_dragon_lair
D:3:      layout_basic, serial_shops, shop, nicolae_shop_statue_plus, shop,
          hellmonk_ecumenical_altar_crossroads, kennysheep_generic_room_7
D:4:      layout_basic, lemuel_tele_altar, st_stairs_14, minmay_bent,
          uniq_blork_the_orc
D:5:      layout_cave_pools, nicolae_tso_swordbearing_angel,
          nicolae_ossuary_entry_plus, minmay_shop_grid_forest,
          hangedman_feature_mirror, uniq_pikel, uniq_ijyb, uniq_sigmund,
          uniq_edmund, uniq_menkaure
D:6:      layout_basic, grunt_qazlal_clouds, nicolae_ashenzari_skybound,
          serial_park_tiny_2, hellmonk_bongcloud_opening, uniq_eustachio
D:7:      layout_rooms, grunt_temple_overflow_champion_of_chaos,
          nicolae_sif_muna_condensation, temple_green, serial_shops,
          nicolae_diamond_shop, serial_rivers, chequers_serial_rivers_micro_c,
          chequers_serial_rivers_small_3, chequers_serial_rivers_large_a,
          chequers_serial_rivers_micro_b, minivault_25
D:8:      layout_basic, nicolae_ru_sacrificial_ziggurat,
          mainiacjoe_overflow_divided_tiny, nzn_ghost_randoct,
          kennysheep_windowed_goal
D:9:      layout_roguey, yredelemnul_altar_generic,
          mainiacjoe_overflow_small_starburst, serial_glass, glass_columns_a,
          glass_columns_b, st_stairs_13, uniq_harold
Temple:   compressed_dpeg_circular_temple

Skill      XL: |  1  2  3  4  5  6  7  8  9 10 |
---------------+-------------------------------+-----
Ranged Weapons | 5 6 7 9 11 | 11.8
Fighting       | 3 4 5 |  5.0
Armour         | 3 5 |  5.0
Dodging        | 3 4 |  4.0
Invocations    | 2 |  2.2
Stealth        | |  1.0

Action                   |  1- 3 |  4- 6 |  7- 9 | 10-12 || total
-------------------------+-------+-------+-------+-------++-------
Melee: Short sword       |       |       |    36 |     5 ||    41
 Fire: Shortbow          |    82 |   232 |   324 |    84 ||   722
  Use: Scroll            |       |     6 |     8 |     3 ||    17
       Potion            |       |     3 |     5 |       ||     8
Armor: Leather armour    |    12 |    47 |    57 |    20 ||   136
       Ring mail         |       |    20 |    66 |       ||    86
Dodge: Dodged            |    22 |   124 |   191 |    35 ||   372

Table legend: (Time is in decaauts)
 A = Elapsed time spent in this place.
 B = Non-inter-level travel time spent in this place.
 C = Inter-level travel time spent in this place.
 D = Time resting spent in this place.
 E = Time spent auto-exploring this place.
 F = Levels seen in this place.
 G = Mean time per level.
                   A        B        C        D        E       F      G
               +--------+--------+--------+--------+--------+-----+--------+
         Total |   8184 |   7844 |    340 |   1959 |   4049 |  11 |  744.0 |
       Dungeon |   7380 |   7050 |    330 |   1704 |   3981 |   9 |  820.0 |
        Temple |     87 |     77 |     10 |      0 |     68 |   1 |   87.0 |
       Ossuary |    716 |    716 |      0 |    255 |      0 |   1 |  716.0 |
               +--------+--------+--------+--------+--------+-----+--------+

Top non-repeatable levels by time:
     D:4: 1648 daAuts
     D:8: 1172 daAuts
     D:6: 1119 daAuts
     D:2: 922 daAuts
     D:7: 915 daAuts
     D:3: 863 daAuts
 Ossuary: 716 daAuts
     D:1: 547 daAuts
     D:5: 149 daAuts
  Temple: 87 daAuts
     D:9: 41 daAuts
